 Dungeon Crawl Stone Soup version 0.23-b1-13-gf37ab262a9 (webtiles) character file.

Game seed: 2517358882209204526

35248 Ihlosi the Fighter (level 14, -8/92 HPs)
             Began as a Kobold Fighter on Feb 3, 2019.
             Was an Initiate of the Shining One (penitent).
             Mangled by a sixfirhy (9 damage)
             ... summoned by an orc high priest
             ... on level 2 of the Orcish Mines.
             The game lasted 00:49:24 (17461 turns).

Ihlosi the Fighter (Kobold Fighter)                Turns: 17461, Time: 00:49:24

Health: -8/92      AC: 26    Str: 16    XL:     14   Next: 17%
Magic:  19/19      EV: 11    Int:  9    God:    the Shining One [*]
Gold:   1278       SH:  7    Dex: 15    Spells: 13/13 levels left

rFire    + + .     SeeInvis .   a - +4 war axe (elec)
rCold    . . .     Gourm    .   J - +1 buckler {AC+3}
rNeg     . . .     Faith    .   W - +2 plate armour {rF+}
rPois    +         Spirit   .   M - +2 hat {MR+}
rElec    .         Reflect  .   o - +0 cloak
rCorr    .         Harm     .   S - +0 pair of gloves (curse)
MR       ++...                  h - +1 pair of boots
Stlth    ..........             H - amulet of magic regeneration
HPRegen  0.25/turn              m - +5 ring of slaying
MPRegen  0.41/turn              j - ring of poison resistance

@: very slightly contaminated, invisible
A: small, carnivore, fire resistance 1, weak 1, wild magic 1
a: Renounce Religion


You were on level 2 of the Orcish Mines.
You worshipped the Shining One.
The Shining One was demanding penance.
You were very full.

You visited 3 branches of the dungeon, and saw 14 of its levels.
You also visited: Bailey and Volcano.

You collected 1330 gold pieces.
You spent 52 gold pieces at shops.

Inventory:

Hand Weapons
 a - a +4 war axe of electrocution (weapon)
 b - a +2 whip of freezing
 d - a +2 mace of holy wrath
 N - a +0 flail of flaming
 O - a +0 blowgun
 V - a +2 flail of crushing
 X - a +0 rapier of flaming
Missiles
 g - 7 curare-tipped needles
 i - 34 poisoned needles
 p - 9 tomahawks (quivered)
 q - 107 bolts
 C - 7 throwing nets
Armour
 h - a +1 pair of boots (worn)
 l - a +0 scale mail
 o - a +0 cloak (worn)
 F - a +0 helmet
 G - a scarf of repulsion
 J - a +1 buckler of protection (worn)
 M - a +2 hat of magic resistance (worn)
 S - a cursed +0 pair of gloves (worn)
 W - a +2 plate armour of fire resistance (worn)
Magical Staves
 E - an uncursed staff of air {unknown}
 L - an uncursed staff of earth {unknown}
Jewellery
 j - a ring of poison resistance (right hand)
 k - an uncursed ring of protection from cold
 m - a +5 ring of slaying (left hand)
 y - an uncursed ring of see invisible
 B - an uncursed ring of ice
 H - an amulet of magic regeneration (around neck)
Wands
 e - a wand of digging (3)
 z - a wand of acid (3)
 I - a wand of flame (18)
Scrolls
 A - 3 scrolls of enchant armour
 K - 2 scrolls of enchant weapon
 R - a scroll of amnesia
Potions
 r - a potion of flight
 s - 2 potions of magic
 t - 2 potions of resistance
 u - 3 potions of curing
 v - 3 potions of brilliance
 w - a potion of ambrosia
 P - a potion of berserk rage {unknown}
 Q - a potion of might
 Y - a potion of agility
Comestibles
 c - 3 chunks of flesh
 f - 22 rations


   Skills:
 - Level 12.0 Fighting
 - Level 2.0(7.1) Axes
 * Level 11.5(11.6) Maces & Flails
 * Level 8.9 Armour
 - Level 9.0 Dodging
 - Level 6.0 Shields
 * Level 4.5 Invocations
 * Level 7.7 Evocations


You had 13 spell levels left.
You didn't know any spells.
Your spell library contained the following spells:

 Spells                   Type           Power        Failure   Level  Hunger
 Beastly Appendage        Tmut           #.....       100%        1    ##.....
 Shock                    Conj/Air       #...         100%        1    ##.....
 Poisonous Vapours        Pois/Air       #.....       100%        2    ###....
 Sticks to Snakes         Tmut           #.......     100%        2    ###....
 Swiftness                Chrm/Air       #.......     100%        2    ###....
 Conjure Flame            Conj/Fire      #.......     100%        3    ####...
 Mephitic Cloud           Conj/Pois/Air  #.......     100%        3    ####...
 Spider Form              Tmut/Pois      #.........   100%        3    ####...
 Static Discharge         Conj/Air       #.......     100%        3    ####...
 Airstrike                Air            #.........   100%        4    #####..
 Ice Form                 Ice/Tmut       #.......     100%        4    #####..
 Blade Hands              Tmut           #.........   100%        5    ######.
 Lightning Bolt           Conj/Air       #.........   100%        5    ######.
 Freezing Cloud           Conj/Ice/Air   #.........   100%        6    #######
 Ring of Flames           Chrm/Fire      #.........   100%        7    #######


Dungeon Overview and Level Annotations

Branches:
Dungeon (11/15)            Temple (1/1) D:6            Lair (0/6) D:11
    Orc (2/2) D:9             Elf (0/3) Orc:2

Altars:
Ashenzari
Cheibriados
Dithmenos
Elyvilon
Fedhas
Gozag
Hepliaklqana
Kikubaaqudgha
Makhleb
Nemelex Xobeh
Okawaru
Qazlal
Ru
Sif Muna
Trog
Uskayaw
Vehumet
Wu Jian
Xom
Yredelemnul
Zin
The Shining One

Shops:
D:11 *   Orc:1 ?

Annotations:
Orc:2 Azrael


Innate Abilities, Weirdness & Mutations

You are small and have problems with some larger weapons.
You are carnivorous and can eat meat at any time.
Your flesh is heat resistant. (rF+)
You are weak. (Str -2)
Your spells are a little harder to cast, but a little more powerful.


Message History

You block the hell hound's attack.
Unknown command.
The hell hound barely misses you.
The orc high priest calls upon Beogh to heal the orc warrior.
The orc warrior is healed somewhat.
The hell hound bites you but does no damage. x2
The orc high priest shouts, "You must be punished!"
The orc high priest utters an invocation to Beogh.
You block the sixfirhy's attack. x2
The sixfirhy barely misses you. The sixfirhy hits you.
* * * LOW HITPOINT WARNING * * *
The sixfirhy shocks you!
* * * LOW HITPOINT WARNING * * *
You block the sixfirhy's attack.
The orc warrior suddenly jeers.
The sixfirhy closely misses you.
You feel better. The sixfirhy hits you!
* * * LOW HITPOINT WARNING * * *
The sixfirhy shocks you!
You die...

...)Eo○E°o## ##..............
....☼o#)○○E# #...............
...°E####○.### ##...#..........
°...☼○.##.°o.#####.#.............
........##.Eo..##...........#....
........####....##....#..........
.........# #..h##................
.o#.....#.##..)3....[[[......##..
................@.........####...
..........##.....................
........# ##.#.[................
......... ##.[[..#.#...........
.>......#######.#).[.[.[)........
.........#.#.###)...[)[[.........
................[.....).....#....
........(#.......)).##...........
........####.#.###.##.#....).....


You could see an orc high priest, a sixfirhy, 2 fire elementals, an orc warrior
and a hell hound.

Vanquished Creatures
  An orc warlord (Bailey)
  A red draconian (Volcano)
  Josephine (Orc:2)
  Fannar (D:11)
  Harold (D:9)
  3 orc high priests (Orc:2)
  A salamander mystic (Volcano)
  An unseen horror (D:10)
  7 orc knights
  A lindwurm (Orc:1)
  Pikel (D:6)
  2 orc sorcerers (Orc:1)
  An ugly thing (D:11)
  4 salamanders (Volcano)
  A cyclops (D:11)
  Joseph (D:7)
  Maurice (D:9)
  A molten gargoyle (Volcano)
  2 trolls
  Grinder (D:6)
  Prince Ribbit (D:9)
  A spriggan (D:9)
  5 wraiths (Orc:2)
  6 yaks
  2 fire bats (Volcano)
  Menkaure (D:6)
  4 vampire mosquitoes
  A warg (Orc:2)
  2 water moccasins
  2 porcupines
  A hell hound (Orc:2)
  2 sky beasts (D:6)
  2 ice beasts (D:10)
  35 orc warriors
  2 phantoms
  A black bear (D:11)
  9 ogres
  5 centaurs
  A crocodile (D:9)
  Blork the orc (D:4)
  A big kobold (D:11)
  A wyvern zombie (D:9)
  6 bullfrogs
  A water moccasin zombie (D:8)
  3 scorpions
  A howler monkey (D:5)
  2 crimson imps
  6 lava snakes (Volcano)
  2 centaur zombies
  A quasit (D:10)
  3 bullfrog zombies
  A jelly (D:7)
  5 hounds
  A bullfrog skeleton (D:6)
  A gnoll shaman (D:5)
  22 orc priests
  Ijyb (D:4)
  3 worker ants
  Natasha (thrice) (D:2)
  9 orc wizards
  2 hound zombies (D:5)
  A worker ant zombie (D:8)
  17 gnolls
  An orc zombie (D:4)
  11 adders
  2 gnoll zombies (D:4)
  A shadow imp (D:5)
  An adder zombie (D:7)
  4 worms (D:2)
  2 dart slugs (D:1)
  3 leopard geckos
  65 orcs
  3 giant cockroaches
  21 goblins
  20 hobgoblins
  5 jackals
  5 quokkas
  3 ball pythons
  2 bats
  5 frilled lizards
  A jackal zombie (D:5)
  8 kobolds
  A leopard gecko zombie (D:8)
  A quokka zombie (D:5)
  10 rats
385 creatures vanquished.

Vanquished Creatures (collateral kills)
  A molten gargoyle (Volcano)
1 creature vanquished.

Vanquished Creatures (others)
  An orc wizard (D:5)
  10 fungi (D:11)
11 creatures vanquished.

Grand Total: 397 creatures vanquished

Notes
Turn   | Place    | Note
-------+----------+-------------------------------------------
     0 | D:1      | Ihlosi the Kobold Fighter began the quest for the Orb.
     0 | D:1      | Reached XP level 1. HP: 14/14 MP: 1/1
   261 | D:1      | Reached XP level 2. HP: 19/19 MP: 2/2
  1318 | D:2      | Reached XP level 3. HP: 16/23 MP: 3/3
  1913 | D:2      | Reached skill level 1 in Dodging
  2237 | D:2      | Reached XP level 4. HP: 27/28 MP: 4/4
  2293 | D:2      | Noticed Natasha
  2310 | D:2      | Gained mutation: Your spells are a little harder to cast,
                  | but a little more powerful. [potion of mutation]
  2310 | D:2      | Gained mutation: You are weak. (Str -2) [potion of
                  | mutation]
  2310 | D:2      | Gained mutation: Your flesh is heat resistant. (rF+)
                  | [potion of mutation]
  2314 | D:2      | Killed Natasha
  2830 | D:2      | Noticed Natasha
  2849 | D:2      | Killed Natasha
  2849 | D:2      | Reached XP level 5. HP: 8/33 MP: 5/5
  3203 | D:2      | Noticed Natasha
  3209 | D:2      | Killed Natasha
  3756 | D:3      | Found a sacrificial altar of Ru.
  3914 | D:4      | Reached skill level 4 in Fighting
  3914 | D:4      | Reached XP level 6. HP: 38/38 MP: 6/6
  4153 | D:4      | Noticed Blork the orc
  4163 | D:4      | Killed Blork the orc
  4180 | D:4      | Noticed an ogre
  4267 | D:4      | Noticed Ijyb
  4268 | D:4      | Paralysed by Ijyb for 7 turns
  4288 | D:4      | Killed Ijyb
  4306 | D:4      | Reached XP level 7. HP: 39/43 MP: 7/7
  4706 | D:4      | Found a transporter.
  4731 | D:4      | Found a transporter.
  4761 | D:5      | Entered Level 5 of the Dungeon
  5210 | D:5      | Reached skill level 5 in Maces & Flails
  5210 | D:5      | Reached XP level 8. HP: 40/48 MP: 8/8
  5680 | D:5      | You fall through a shaft!
  5711 | D:6      | Found a staircase to the Ecumenical Temple.
  5980 | D:6      | Reached skill level 5 in Fighting
  5998 | D:6      | Reached skill level 1 in Evocations
  6386 | D:6      | Noticed Grinder
  6488 | D:6      | Reached XP level 9. HP: 40/54 MP: 10/10
  6678 | D:6      | Killed Grinder
  6906 | D:6      | Noticed Menkaure
  6914 | D:6      | Killed Menkaure
  6914 | D:6      | Reached skill level 5 in Armour
  6932 | D:6      | Noticed Pikel
  6950 | D:6      | Killed Pikel
  7458 | D:7      | Noticed Joseph
  7489 | Temple   | Entered the Ecumenical Temple
  7570 | Temple   | Became a worshipper of the Shining One
  8112 | D:7      | Killed Joseph
  8112 | D:7      | Reached XP level 10. HP: 22/60 MP: 12/12
  8852 | D:8      | Reached skill level 6 in Fighting
  9287 | D:9      | Noticed Harold
  9287 | D:9      | Noticed Prince Ribbit
  9318 | D:8      | Reached skill level 5 in Dodging
  9483 | D:9      | Noticed Maurice
  9497 | D:9      | Killed Maurice
  9509 | D:9      | Found a staircase to the Orcish Mines.
  9725 | D:9      | Killed Prince Ribbit
  9725 | D:9      | Reached skill level 5 in Shields
  9789 | D:9      | Killed Harold
 10070 | D:9      | Reached * piety under the Shining One
 10529 | D:10     | Entered Level 10 of the Dungeon
 10552 | D:10     | Noticed an unseen horror
 10556 | D:10     | Reached skill level 1 in Axes
 10561 | D:10     | Killed an unseen horror
 10561 | D:10     | Reached skill level 5 in Evocations
 10561 | D:10     | Reached XP level 11. HP: 53/66 MP: 14/14
 10567 | D:10     | Found a flagged portal.
 10575 | D:10     | Reached skill level 7 in Fighting
 10624 | Bailey   | Entered a bailey
 11090 | Bailey   | Noticed an orc warlord
 11091 | Bailey   | Noticed an orc knight
 11115 | Bailey   | Killed an orc warlord
 11115 | Bailey   | Reached skill level 8 in Fighting
 11127 | Bailey   | Killed an orc knight
 11938 | D:10     | Reached skill level 1 in Invocations
 12204 | D:11     | Found a staircase to the Lair.
 12220 | D:10     | Reached ** piety under the Shining One
 12317 | D:10     | Reached skill level 10 in Fighting
 12317 | D:10     | Reached skill level 10 in Maces & Flails
 12317 | D:10     | Reached XP level 12. HP: 79/79 MP: 16/16
 12323 | D:11     | Reached skill level 11 in Fighting
 12323 | D:11     | Reached XP level 13. HP: 84/84 MP: 17/17
 12464 | D:11     | Noticed a four-headed hydra
 12499 | D:11     | Found Teyjyib's Assorted Antiques.
 12521 | D:11     | Noticed Fannar
 12530 | D:11     | Killed Fannar
 13305 | Orc:1    | Entered Level 1 of the Orcish Mines
 13308 | Orc:1    | Identified a scroll of acquirement
 13520 | Orc:1    | Found Codazil's Magic Scroll Emporium.
 13530 | Orc:1    | Bought a scroll of magic mapping for 52 gold pieces
 13546 | Orc:1    | Found a dark tunnel.
 13572 | Volcano  | Entered a volcano
 14014 | Volcano  | Found a burning altar of Makhleb.
 14212 | Volcano  | Noticed a red draconian
 14247 | Volcano  | Killed a red draconian
 15220 | Orc:1    | Reached skill level 12 in Fighting
 15471 | Orc:2    | Entered Level 2 of the Orcish Mines
 15690 | Orc:2    | Reached *** piety under the Shining One
 15710 | Orc:2    | Noticed Josephine
 15719 | Orc:2    | Killed Josephine
 15979 | Orc:2    | Found a staircase to the Elven Halls.
 15985 | Orc:2    | HP: 4/86 [orc knight/+2 war axe (22)]
 16355 | Orc:2    | Was placed under penance by the Shining One
 16633 | Orc:2    | Reached XP level 14. HP: 51/92 MP: 19/19
 17446 | Orc:2    | Noticed Azrael
 17460 | Orc:2    | HP: 4/92 [sixfirhy[an orc high priest] (9)]
 17461 | Orc:2    | HP: 1/92 [sixfirhy[an orc high priest] (10)]
 17461 | Orc:2    | Mangled by a sixfirhy

Skill      XL: |  1  2  3  4  5  6  7  8  9 10 11 12 13 14 |
---------------+-------------------------------------------+-----
Maces & Flails | 2 3 4 5 6 7 8 10 11 | 11.5
Dodging        | 1 2 3 4 6 7 8 9 |  9.0
Armour         | 3 4 5 6 8 |  8.9
Fighting       | 4 5 6 10 11 12 | 12.0
Shields        | 3 4 5 6 |  6.0
Evocations     | 1 3 5 6 7 |  7.7
Axes           | 1 2 |  2.0
Invocations    | 1 4 |  4.5

Action                   |  1- 3 |  4- 6 |  7- 9 | 10-12 | 13-15 || total
-------------------------+-------+-------+-------+-------+-------++-------
Melee: Flail             |   114 |   136 |       |       |       ||   250
       Mace              |       |    22 |   200 |    20 |       ||   242
       Whip              |       |       |    45 |    64 |   114 ||   223
       War axe           |       |       |       |   167 |   259 ||   426
Throw: Tomahawk          |       |       |     3 |       |     1 ||     4
Evoke: Wand              |       |       |     7 |    13 |     8 ||    28
       Phantom mirror    |       |       |       |       |     1 ||     1
  Use: Potion            |       |     2 |     3 |     6 |     7 ||    18
       Scroll            |       |     8 |     5 |     6 |     4 ||    23
 Stab: Paralysed         |       |       |     9 |       |       ||     9
  Eat: Chunk             |    11 |     8 |    10 |    16 |    16 ||    61
Armor: Scale mail        |    42 |    48 |    84 |    64 |    39 ||   277
       Plate armour      |       |       |       |       |    96 ||    96
Dodge: Dodged            |    32 |    56 |    76 |   141 |   187 ||   492
Block: Shield            |    52 |    54 |    97 |    65 |       ||   268
       Buckler           |       |       |       |    20 |   128 ||   148
